Map: Reclamation LE

Players

Ekelpack

  • Race: Zerg Zerg
  • Spawn Location: 11:00

Nyck

  • Race: Terran Terran
  • League: Silver
  • Spawn Location: 12:00

Patan - Winner!

  • Race: Terran Terran
  • Spawn Location: 5:00

CLOVICH - Winner!

  • Race: Protoss Protoss
  • League: Gold
  • Spawn Location: 6:00

VOD

Have the link to the VOD?

Description

Time

  • Played on: Oct. 29, 2024, 2:03 p.m.
  • Length: 30:14
Show
View Real Time Build Order
Export as new Build Order

Ekelpack Zerg 

Build Orders: Hatch First 

Get SALT Encoding   

  12  0:00  Drone  
  13  0:13  Overlord  
  13  0:18  Drone  
  14  0:31  Drone  
  15  0:47  Hatchery  
  15  0:48  Drone  
  15  1:05  Spawning Pool  
  15  1:07  Drone  
  15  1:15  Drone  
  15  1:16  Extractor  
  15  1:17  Drone  
  16  1:21  Drone  
  17  1:30  Drone  
  18  1:43  Drone  
  19  1:52  Queen  
  21  1:55  Drone  
  25  2:01  Drone  
  25  2:09  Zergling x2  
  26  2:17  Zergling x2  
  26  2:21  Roach Warren  
  26  2:24  Overlord  
  26  2:36  Lair  
  23  2:50  Extractor  
  22  3:05  Overlord  
  22  3:06  Roach  
  22  3:07  Roach x3  
  30  3:27  Drone x2  
  32  3:36  Overlord, Roach x2  
  32  3:37  Roach  
  32  4:02  Spire  
  31  4:13  Hatchery  
  30  4:23  Drone x2  
  30  4:24  Drone  
  33  4:50  Overlord  
  33  4:57  Queen  
  35  5:15  Mutalisk x4  
  43  5:28  Drone x4  
  47  5:53  Drone  
  47  5:54  Drone  
  47  5:56  Extractor  
  48  5:58  Drone  
  48  5:59  Extractor  
  48  6:03  Zerg Flyer Weapons Level 1  
  48  6:09  Drone x3  
  51  6:15  Drone  
  52  6:21  Spore Crawler  
  52  6:22  Drone  
  52  6:28  Drone x2  
  52  6:29  Drone  
  55  6:33  Spore Crawler  
  55  6:39  Overlord  
  54  6:43  Drone  
  54  6:44  Drone x3  
  54  7:02  Corruptor  
  54  7:03  Corruptor  
  58  7:18  Mutalisk x2  
  58  7:19  Mutalisk x2  
  66  7:27  Pneumatized Carapace  
  66  7:40  Mutalisk  
  66  7:42  Overlord  
  68  7:56  Overlord  
  68  7:59  Zerg Flyer Weapons Level 2  
  68  8:01  Mutalisk x3  
  74  8:06  Overlord  
  74  8:26  Hydralisk Den  
  73  8:29  Evolution Chamber  
  73  8:33  Evolution Chamber  
  71  8:50  Hatchery  
  68  9:26  Corruptor x4  
  68  9:27  Corruptor x2  
  68  9:29  Overlord  
  68  9:30  Zerg Ground Armor Level 1, Zerg Missile Weapons Level 1  
  80  9:51  Zergling x6  
  80  9:52  Zergling x14  
  90  9:53  Zergling x4  
  90  10:15  Grooved Spines  
  90  10:29  Metabolic Boost  
  90  10:30  Overlord  
  90  10:34  Hatchery  
  89  10:51  Overlord  
  81  11:01  Hydralisk x6  
  93  11:06  Muscular Augments  
  93  11:20  Overlord  
  73  11:46  Hydralisk x6  
  73  11:47  Hydralisk x2  
  82  12:01  Drone x4  
  84  12:02  Drone  
  85  12:13  Drone x4  
  89  12:21  Zerg Missile Weapons Level 2  
  89  12:29  Extractor  
  88  12:30  Drone x3  
  91  12:47  Drone  
  92  12:51  Extractor  
  92  12:56  Zerg Ground Armor Level 2  
  86  13:39  Hydralisk x3  
  86  13:40  Hydralisk x6  
  86  13:41  Hydralisk x6  
  107  14:13  Drone x3  
  107  14:18  Overlord  
  107  14:24  Hatchery  
  106  14:49  Hatchery  
  103  15:57  Drone  
  103  15:58  Hydralisk x6  
  103  15:59  Hydralisk x4  
  124  16:20  Overlord x3  
  124  16:25  Overlord x2  
  124  16:41  Spawning Pool  
  123  16:47  Drone x2  
  123  16:51  Hydralisk x6  
  123  16:52  Hydralisk x3  
  143  17:17  Hydralisk  
  143  17:18  Hydralisk x2  
  149  17:22  Zerg Melee Weapons Level 1  
  149  18:03  Hydralisk x2  
  149  18:04  Hydralisk x3  
  159  18:06  Overlord x2  
  159  18:13  Lair  
  159  18:24  Queen x3  
  159  18:53  Hydralisk x4  
  159  18:54  Hydralisk x4  
  175  18:56  Overlord x3  
  175  18:57  Overlord  
  175  19:08  Drone  
  176  19:10  Extractor  
  176  19:12  Extractor  
  174  19:24  Hydralisk x3  
  174  19:25  Hydralisk x4  
  188  19:40  Drone x2  
  188  19:41  Drone x2  
  192  19:46  Overseer  
  192  19:47  Overseer x2  
  126  20:37  Hydralisk x4  
  126  20:38  Hydralisk x6  
  126  20:39  Hydralisk x6  
  126  20:40  Hydralisk x3  
  162  20:59  Overlord x2  
  162  21:14  Hydralisk x2  
  162  21:15  Hydralisk x5  
  162  21:16  Overlord x2  
  176  21:26  Overlord x2  
  176  21:27  Overlord  
  164  21:45  Hydralisk  
  164  21:46  Hydralisk x7  
  164  21:47  Hydralisk x2  
  154  22:00  Hydralisk x4  
  154  22:01  Hydralisk x2  
  100  22:13  Hydralisk x4  
  100  22:26  Hydralisk  
  100  22:27  Hydralisk x3  
  108  22:36  Overseer  
  92  23:11  Hydralisk  
  92  23:12  Hydralisk x6  
  94  23:13  Hydralisk x7  
  94  23:14  Hydralisk x2  
  118  23:34  Zergling x12  
  120  23:35  Zergling x4  
  126  23:45  Infestation Pit  
  81  24:37  Zergling x8  
  81  24:38  Zergling x14  
  85  24:39  Zergling x6  
  91  24:48  Zerg Melee Weapons Level 2, Hive  
  91  24:55  Hydralisk x4  
  91  24:56  Hydralisk  
  101  25:02  Queen  
  97  25:16  Hatchery  
  96  25:33  Hydralisk x2  
  96  25:34  Hydralisk x7  
  96  25:35  Hydralisk x6  
  116  25:36  Hydralisk x6  
  106  26:08  Hydralisk x7  
  106  26:09  Hydralisk x2  
  102  26:28  Hydralisk  
  104  26:40  Drone  
  102  27:14  Drone x2  
  102  27:15  Drone  
  105  27:35  Drone  
  106  27:38  Extractor  
  106  27:40  Adrenal Glands  
  54  28:08  Hatchery  
  53  28:34  Hydralisk  
  53  28:35  Hydralisk x6  
  53  28:36  Hydralisk x7  
  53  28:37  Hydralisk x4  
  68  29:33  Hydralisk x2  
  68  29:34  Hydralisk x6  
  68  29:35  Hydralisk x4  
Show
View Real Time Build Order
Export as new Build Order

Nyck Terran 

Build Orders: Reaper Expand 

Get SALT Encoding   

  12  0:00  SCV  
  13  0:12  SCV  
  14  0:18  Supply Depot  
  14  0:24  SCV  
  15  0:39  SCV  
  15  0:42  Barracks  
  16  0:47  Refinery  
  16  0:52  SCV  
  17  1:07  SCV  
  18  1:18  Barracks  
  18  1:21  SCV  
  19  1:31  Reaper  
  20  1:35  Supply Depot  
  20  1:37  Orbital Command  
  20  2:04  Command Center  
  20  2:10  SCV  
  21  2:21  Barracks Tech Lab x2  
  21  2:29  Barracks  
  21  2:34  Supply Depot  
  21  2:51  SCV  
  21  2:57  Refinery  
  22  3:03  Engineering Bay, Marauder  
  22  3:05  Marauder  
  26  3:11  SCV  
  27  3:17  Barracks Tech Lab  
  27  3:25  Barracks Tech Lab  
  27  3:27  Barracks Reactor  
  27  3:29  Factory  
  27  3:49  SCV  
  27  3:50  Marauder x2  
  32  3:59  Orbital Command  
  32  4:02  SCV  
  33  4:07  Concussive Shells  
  33  4:09  Terran Infantry Weapons Level 1  
  33  4:29  SCV x2  
  35  4:33  Starport  
  35  4:41  SCV x2  
  37  4:50  Combat Shield  
  37  4:53  SCV x2  
  37  4:59  Refinery  
  39  5:02  Refinery  
  39  5:05  SCV x2  
  41  5:07  Command Center  
  41  5:16  Starport Reactor  
  41  5:17  SCV x2  
  41  5:18  Marine  
  41  5:19  Marine x3  
  47  5:29  SCV x2  
  49  5:43  SCV x2  
  49  5:45  Marine x3  
  54  5:51  Marine  
  54  5:52  Supply Depot  
  54  5:53  Medivac x2  
  59  5:58  SCV x2  
  61  6:04  Terran Infantry Armor Level 1  
  61  6:07  Armory  
  61  6:12  Missile Turret  
  61  6:14  Supply Depot  
  61  6:15  SCV x2  
  63  6:32  SCV x2  
  65  6:40  Marine x4  
  65  6:42  Medivac x2  
  70  7:13  SCV x2  
  72  7:18  Marine x4  
  76  7:23  Viking x2  
  80  7:36  Marine x4  
  84  7:41  Stimpack  
  84  7:46  Engineering Bay  
  84  7:47  Supply Depot  
  84  7:53  Viking x2  
  84  7:54  Orbital Command  
  84  7:55  SCV  
  84  7:56  SCV  
  90  8:01  Terran Infantry Weapons Level 2  
  90  8:08  SCV x2, Terran Ship Weapons Level 1  
  90  8:09  Supply Depot  
  90  8:10  Marine x3  
  95  8:20  SCV  
  95  8:23  Viking  
  98  8:30  SCV x2  
  98  8:32  SCV  
  101  8:37  Terran Infantry Armor Level 2  
  101  8:40  Viking  
  103  8:42  SCV x2  
  103  8:46  Starport  
  76  10:14  Marine x4  
  77  10:16  Viking x2  
  77  10:18  Starport Reactor  
  77  10:20  Starport  
  84  10:26  SCV x2  
  84  10:28  Supply Depot  
  86  10:29  SCV  
  86  10:33  Refinery  
  86  10:35  Refinery  
  87  10:36  Command Center  
  87  10:37  Marine x4  
  87  10:38  SCV x2  
  87  10:41  SCV  
  94  10:45  Command Center  
  94  10:46  Viking  
  94  10:48  Viking  
  98  10:52  Supply Depot  
  98  10:53  Terran Vehicle And Ship Armor Level 1  
  98  10:55  Terran Infantry Weapons Level 3  
  98  10:56  Terran Infantry Armor Level 3  
  98  10:59  SCV x3  
  102  11:11  SCV x3  
  102  11:14  Viking x2  
  102  11:16  Viking  
  102  11:18  Starport Reactor  
  110  11:23  SCV x3  
  84  12:15  Viking x6  
  96  12:26  Armory  
  96  12:27  SCV x2  
  98  12:30  Orbital Command  
  98  12:32  Orbital Command  
  98  12:35  SCV  
  99  12:39  SCV  
  99  12:42  SCV  
  101  12:45  Viking x4  
  101  12:47  SCV  
  101  12:50  Supply Depot  
  110  12:51  SCV  
  110  12:54  SCV  
  112  13:10  Viking  
  112  13:11  Viking  
  116  13:13  Supply Depot  
  116  13:14  Viking  
  116  13:15  Viking x3  
  124  13:25  Marine  
  124  13:26  Marine x3  
  128  13:35  Supply Depot  
  128  13:36  Terran Vehicle And Ship Armor Level 2  
  128  13:37  Terran Ship Weapons Level 2  
  128  13:40  Viking  
  128  13:41  Viking  
  132  13:44  Viking  
  132  13:45  Viking x3  
  140  13:57  Supply Depot  
  140  14:10  Viking  
  140  14:11  Viking  
  140  14:14  Viking  
  140  14:15  Viking  
  148  14:18  Starport  
  148  14:20  Supply Depot  
  148  14:22  Orbital Command  
  148  14:30  Viking x2  
  152  14:42  Viking x2  
  152  14:44  Supply Depot  
  156  14:52  Viking x2  
  160  14:56  Starport  
  160  15:00  Viking  
  160  15:06  Supply Depot  
  162  15:11  SCV x3  
  162  15:12  SCV  
  166  15:22  Viking x3  
  166  15:23  Viking x2  
  166  15:27  Starport Reactor  
  176  15:30  Viking  
  176  15:32  Unknown  
  178  15:45  Starport Reactor  
  178  15:50  Starport  
  178  16:06  Viking x7  
  178  16:07  Viking  
  194  16:12  SCV  
  194  16:13  SCV  
  196  16:29  Starport Reactor  
  196  16:35  Sensor Tower  
  196  16:38  Command Center  
  196  16:44  Terran Vehicle And Ship Armor Level 3  
  196  16:47  Terran Ship Weapons Level 3  
  196  17:42  SCV  
  196  17:58  SCV  
  196  17:59  SCV, Viking  
  196  18:00  SCV, Viking  
  196  18:01  Viking x2  
  196  18:03  Viking  
  196  18:05  Viking x3  
  196  18:12  SCV  
  195  18:21  Viking  
  195  18:23  Viking  
  195  18:24  Viking x2  
  175  18:36  Viking x5  
  175  18:37  Viking x3  
  191  18:51  Viking  
  191  18:53  Viking x2  
  195  19:00  Viking  
  197  19:06  Viking  
  187  19:44  Viking x6  
  191  19:54  Viking x4  
  181  20:30  Viking  
  181  20:31  Viking x8  
  158  21:56  Viking x12  
  112  22:22  Marine x3  
  108  22:26  Viking x6  
  108  22:27  Barracks Reactor  
  121  22:30  SCV  
  121  22:31  SCV x2  
  124  22:40  Marine x3  
  123  22:57  Marine  
  123  22:58  Marine x2  
  122  22:59  Viking  
  122  23:00  Viking x3  
  131  23:06  Command Center  
  131  23:15  Marine, Viking  
  131  23:16  Marine x2  
  131  23:18  Marine  
  131  23:19  Marine  
  138  23:27  Viking  
  138  23:33  Marine x2  
  138  23:34  Marine  
  143  23:36  Marine x2  
  143  23:37  Refinery  
  143  23:40  Refinery  
  145  23:42  Viking x5  
  155  23:51  Marine x3  
  155  23:54  Marine x2  
  160  24:00  Viking  
  162  24:09  Marine x3  
  165  24:12  Marine x2  
  167  24:21  Viking  
  167  24:22  Viking  
  170  24:26  Marine  
  170  24:27  Marine x2  
  170  24:29  Marine  
  170  24:30  Marine  
  175  24:41  Viking  
  175  24:44  Marine  
  175  24:45  Marine x2  
  180  24:47  Marine  
  180  24:48  Marine  
  180  24:51  Orbital Command  
  182  25:02  Marine x2  
  182  25:03  Marine, Command Center  
  182  25:05  Marine x2  
  187  25:17  Viking  
  187  25:18  Viking x2  
  172  26:10  Marine x5  
  146  26:12  Viking  
  101  26:27  Marine  
  101  26:28  Marine x4  
  101  26:31  Viking  
  102  26:34  Viking  
  100  26:45  Marine  
  100  26:46  Marine x4  
  101  26:54  Viking  
  101  26:55  Viking x2  
  107  27:03  Marine  
  107  27:04  Marine  
  109  27:12  Marine x3  
  112  27:21  Marine x2  
  114  27:30  Marine x2  
  114  27:31  Marine  
  117  27:39  Marine x2  
  119  27:47  Marine  
  119  27:48  Marine  
  119  27:49  Marine  
  122  27:57  Marine x2  
  116  28:05  Marine  
  116  28:06  Marine  
  116  28:07  Marine  
  116  28:09  Viking  
  116  28:10  Viking x4  
  129  28:14  Marine  
  129  28:15  Marine  
  131  28:23  Marine  
  131  28:24  Marine  
  131  28:25  Marine  
  132  28:41  Marine  
  132  28:44  Viking x3  
Show
View Real Time Build Order
Export as new Build Order

Patan Terran - Winner!

Build Orders:  

Get SALT Encoding   

  12  0:00  SCV  
  13  0:13  SCV  
  14  0:19  Supply Depot  
  14  0:25  SCV  
  15  0:41  SCV  
  16  0:42  Barracks  
  16  0:53  SCV  
  17  1:05  SCV  
  18  1:17  SCV  
  19  1:23  Command Center  
  19  1:31  Orbital Command  
  19  1:36  Marine  
  20  1:43  Supply Depot  
  20  1:50  Refinery  
  20  1:55  Marine, Refinery  
  21  2:01  SCV  
  21  2:08  Bunker  
  22  2:13  SCV  
  23  2:30  SCV  
  24  2:40  Orbital Command, Factory  
  24  2:42  SCV  
  25  2:54  SCV, Refinery  
  26  3:05  Refinery  
  26  3:06  SCV  
  26  3:09  SCV  
  26  3:12  Marine  
  29  3:19  SCV  
  30  3:21  SCV  
  30  3:25  Starport, Factory Tech Lab  
  31  3:31  SCV  
  31  3:33  SCV  
  33  3:43  SCV  
  33  3:45  SCV  
  33  3:46  Siege Tank  
  38  3:55  SCV  
  39  3:57  SCV  
  39  3:59  Starport  
  39  4:00  Supply Depot  
  40  4:03  Liberator  
  43  4:11  Fusion Core, SCV  
  43  4:14  Supply Depot  
  44  4:18  SCV  
  45  4:28  Siege Tank  
  48  4:36  SCV x2  
  50  4:40  Starport Tech Lab  
  50  4:48  SCV x2  
  52  4:59  Command Center  
  52  5:01  SCV  
  52  5:02  SCV  
  52  5:04  Starport Tech Lab  
  54  5:10  Engineering Bay  
  54  5:17  Battlecruiser  
  54  5:19  SCV  
  61  5:23  Supply Depot  
  61  5:28  SCV  
  62  5:30  Armory  
  62  5:45  SCV x2  
  64  5:53  Battlecruiser  
  70  6:05  Supply Depot  
  70  6:06  Armory  
  70  6:08  Supply Depot  
  70  6:11  SCV x2  
  72  6:12  Planetary Fortress  
  72  6:15  Factory  
  72  6:23  SCV  
  73  6:28  Battlecruiser  
  79  6:44  Weapon Refit  
  79  6:46  Command Center  
  79  6:47  Terran Ship Weapons Level 1  
  79  6:52  Armory  
  79  7:03  Refinery  
  79  7:09  Battlecruiser  
  79  7:11  SCV x3  
  88  7:41  Battlecruiser  
  94  7:45  Missile Turret  
  94  7:47  Factory Tech Lab  
  94  7:51  Missile Turret  
  94  8:03  SCV  
  94  8:05  SCV  
  96  8:07  Missile Turret  
  96  8:13  Missile Turret  
  96  8:15  SCV  
  96  8:16  Terran Vehicle And Ship Armor Level 1, Terran Vehicle Weapons Level 1  
  97  8:28  SCV  
  97  8:32  Missile Turret, Drilling Claws  
  98  8:35  Battlecruiser  
  98  8:40  SCV  
  105  8:49  Widow Mine  
  105  8:52  SCV x2, Missile Turret  
  105  8:53  SCV  
  105  8:54  Refinery  
  110  9:02  Supply Depot  
  110  9:04  SCV  
  110  9:06  Missile Turret  
  110  9:08  Supply Depot  
  111  9:11  Missile Turret  
  111  9:15  Missile Turret  
  111  9:16  SCV  
  112  9:28  Command Center  
  106  9:57  Battlecruiser x2  
  118  10:23  Terran Ship Weapons Level 2, Missile Turret, Terran Vehicle And Ship Armor Level 2  
  118  10:28  Missile Turret  
  118  10:31  Missile Turret  
  118  10:32  Missile Turret  
  118  10:33  Missile Turret  
  118  10:34  Missile Turret x2  
  118  10:35  Planetary Fortress, Refinery  
  118  10:44  SCV  
  119  10:51  Refinery  
  119  10:56  SCV  
  120  11:01  Battlecruiser x2  
  132  11:08  SCV  
  133  11:11  Missile Turret  
  133  11:13  Missile Turret  
  133  11:20  SCV  
  133  11:23  Terran Vehicle Weapons Level 2  
  134  11:25  Hi-Sec Auto Tracking  
  134  11:28  Command Center  
  134  11:31  Command Center  
  134  11:32  SCV  
  117  12:02  Siege Tank  
  117  12:05  Battlecruiser x2  
  132  12:14  Planetary Fortress  
  132  12:22  Neosteel Armor  
  132  12:28  Missile Turret  
  132  12:34  Missile Turret, Widow Mine  
  134  12:37  SCV  
  134  12:38  SCV  
  136  12:51  Missile Turret  
  136  12:56  Widow Mine  
  138  13:10  Battlecruiser x2  
  151  13:12  SCV  
  151  13:24  SCV  
  152  13:37  SCV  
  147  13:49  SCV  
  147  13:52  SCV  
  147  13:53  SCV x2  
  151  14:01  SCV  
  152  14:04  SCV  
  152  14:05  SCV x2  
  155  14:13  SCV  
  155  14:14  Battlecruiser x2  
  155  14:15  Missile Turret  
  155  14:16  SCV, Missile Turret  
  169  14:17  SCV x2, Refinery  
  169  14:19  Refinery, Missile Turret, Siege Tank  
  169  14:21  Missile Turret  
  174  14:25  SCV  
  174  14:27  Missile Turret  
  174  14:30  Missile Turret  
  175  14:37  Widow Mine  
  177  14:47  Missile Turret  
  177  14:48  Terran Vehicle Weapons Level 3, Terran Vehicle And Ship Armor Level 3, Terran Ship Weapons Level 3  
  177  15:01  Supply Depot x2  
  177  15:03  Supply Depot  
  177  15:22  Battlecruiser  
  177  15:23  Battlecruiser, Widow Mine x2  
  193  15:29  Starport  
  193  15:33  Starport  
  193  15:39  Orbital Command  
  193  15:44  Siege Tank, Widow Mine  
  198  15:50  Planetary Fortress  
  198  16:04  Unknown  
  197  16:20  Siege Tank  
  200  16:48  Missile Turret x2  
  200  16:49  Missile Turret  
  200  16:50  Missile Turret  
  200  16:51  Missile Turret  
  200  17:09  Missile Turret  
  200  17:10  Supply Depot, Missile Turret  
  200  17:13  Supply Depot  
  200  17:18  Missile Turret  
  200  17:29  Starport Tech Lab x2  
  200  17:31  Supply Depot  
  184  18:08  Battlecruiser x2  
  184  18:09  Widow Mine  
  184  18:10  Widow Mine  
  200  18:14  Unknown  
  200  18:22  Missile Turret  
  200  18:24  Missile Turret  
  200  18:26  Missile Turret  
  200  18:27  Missile Turret x2  
  200  18:39  Missile Turret  
  188  20:04  Missile Turret  
  188  20:07  Missile Turret  
  188  20:09  Cyclone  
  175  20:35  Battlecruiser x2  
  175  20:41  Cyclone  
  175  20:56  Command Center  
  175  21:25  Battlecruiser x2  
  187  21:29  Widow Mine  
  189  21:39  Battlecruiser  
  165  21:50  Widow Mine  
  123  22:11  Widow Mine  
  119  22:27  Missile Turret  
  119  22:30  Missile Turret  
  119  22:32  Battlecruiser  
  119  22:33  Cyclone, Battlecruiser x2  
  139  22:43  Missile Turret  
  138  22:45  Missile Turret x2, Command Center  
  138  22:46  Missile Turret  
  138  22:47  Missile Turret  
  138  22:48  Missile Turret  
  138  22:49  Missile Turret  
  138  22:50  Refinery  
  138  22:52  Missile Turret  
  136  23:05  Cyclone  
  138  23:06  Battlecruiser  
  138  23:12  Missile Turret  
  144  23:14  Missile Turret  
  144  23:16  Missile Turret  
  144  23:21  Refinery  
  144  23:24  SCV  
  144  23:25  SCV x3  
  148  23:33  Missile Turret  
  148  23:36  SCV  
  148  23:37  SCV x2, Battlecruiser x2, Cyclone  
  148  23:40  Missile Turret  
  165  23:43  Missile Turret  
  165  23:47  Missile Turret  
  165  24:09  Cyclone  
  125  24:41  Cyclone  
  127  24:50  Battlecruiser  
  127  24:51  Battlecruiser x3  
  151  24:59  Factory x2  
  151  25:03  Starport  
  151  25:13  Siege Tank  
  148  25:45  Widow Mine  
  143  25:55  Battlecruiser x3  
  161  26:03  Battlecruiser  
  167  26:07  Widow Mine  
  145  26:16  Missile Turret x2  
  145  26:17  Missile Turret  
  136  26:18  Missile Turret  
  129  26:58  Widow Mine x3  
  129  26:59  Battlecruiser x2  
  149  27:01  Battlecruiser  
  149  27:02  Starport Tech Lab  
  149  27:07  Battlecruiser  
  149  27:10  Command Center  
  149  27:28  Missile Turret  
  149  27:42  Widow Mine x2  
  155  27:49  Siege Tank  
  156  27:51  Missile Turret  
  156  27:52  Battlecruiser  
  162  28:03  Battlecruiser x2, Widow Mine x2  
  184  28:05  Battlecruiser  
  184  28:22  Widow Mine  
  186  28:59  Battlecruiser x2  
Show
View Real Time Build Order
Export as new Build Order

CLOVICH Protoss - Winner!

Build Orders: Cannon Rush, Carriers 

Get SALT Encoding   

  12  0:02  Probe (Chrono Boost)  
  13  0:10  Probe (Chrono Boost)  
  14  0:22  Probe  
  15  0:32  Pylon  
  15  0:50  Probe  
  15  0:52  Forge  
  15  0:54  Gateway  
  16  1:03  Probe  
  17  1:12  Pylon  
  17  1:15  Probe  
  18  1:31  Photon Cannon  
  18  1:35  Pylon  
  18  1:37  Photon Cannon  
  18  1:48  Photon Cannon  
  18  2:25  Nexus, Photon Cannon  
  17  2:56  Assimilator  
  17  2:58  Assimilator  
  17  3:02  Assimilator, Probe (Chrono Boost)  
  17  3:05  Pylon  
  18  3:11  Probe (Chrono Boost)  
  19  3:13  Cybernetics Core  
  19  3:17  Probe  
  19  3:19  Assimilator  
  20  3:26  Pylon  
  20  3:29  Probe (Chrono Boost)  
  21  3:41  Probe (Chrono Boost)  
  22  3:47  Probe (Chrono Boost)  
  24  4:03  Probe (Chrono Boost)  
  24  4:05  Stargate  
  25  4:11  Probe (Chrono Boost)  
  25  4:12  Probe (Chrono Boost)  
  26  4:17  Probe  
  26  4:21  Probe  
  28  4:27  Stargate  
  28  4:32  Photon Cannon  
  28  4:33  Shield Battery  
  28  4:34  Probe (Chrono Boost)  
  29  4:42  Shield Battery  
  29  4:46  Probe (Chrono Boost)  
  30  4:53  Stalker  
  30  4:54  Probe (Chrono Boost)  
  33  5:06  Probe  
  34  5:09  Probe  
  40  5:21  Probe (Chrono Boost)  
  40  5:23  Void Ray, Probe (Chrono Boost)  
  41  5:33  Probe (Chrono Boost)  
  43  5:37  Probe (Chrono Boost)  
  43  5:39  Probe (Chrono Boost)  
  44  5:48  Probe (Chrono Boost)  
  45  5:56  Probe (Chrono Boost)  
  46  6:02  Probe  
  46  6:14  Probe  
  47  6:26  Probe  
  48  6:34  Shield Battery  
  48  6:35  Photon Cannon  
  48  6:36  Photon Cannon  
  48  6:39  Pylon  
  48  6:42  Nexus, Probe  
  48  6:45  Pylon  
  49  6:50  Fleet Beacon  
  49  6:51  Stargate  
  49  6:54  Probe  
  49  6:57  Stargate  
  49  7:01  Phoenix  
  52  7:03  Phoenix  
  52  7:08  Probe  
  55  7:13  Protoss Shields Level 1  
  55  7:20  Probe  
  56  7:23  Photon Cannon  
  56  7:26  Shield Battery  
  56  7:30  Protoss Air Weapons Level 1  
  56  7:33  Photon Cannon  
  56  7:39  Shield Battery  
  56  7:40  Pylon  
  56  7:46  Shield Battery  
  56  7:50  Photon Cannon  
  56  7:56  Assimilator  
  56  8:04  Shield Battery  
  56  8:07  Photon Cannon  
  56  8:10  Photon Cannon  
  56  8:12  Pylon  
  56  8:18  Pylon  
  56  8:26  Phoenix x2  
  56  8:27  Phoenix  
  62  8:32  Photon Cannon  
  62  8:35  Shield Battery  
  62  8:38  Photon Cannon  
  62  8:42  Probe  
  63  8:50  Photon Cannon  
  63  8:54  Probe  
  64  8:56  Assimilator  
  64  9:06  Probe  
  47  9:44  Carrier x2  
  56  9:58  Phoenix x2  
  56  9:59  Nexus  
  59  10:18  Nexus  
  59  10:23  Phoenix  
  59  10:25  Probe  
  62  10:36  Twilight Council  
  62  10:37  Probe  
  62  10:38  Pylon  
  63  10:43  Phoenix  
  65  10:51  Pylon  
  65  11:08  Pylon  
  65  11:11  Photon Cannon  
  65  11:14  Pylon  
  65  11:20  Probe (Chrono Boost)  
  66  11:28  Probe (Chrono Boost)  
  66  11:29  Stargate  
  67  11:35  Probe  
  68  11:47  Probe  
  69  11:59  Probe  
  70  12:15  Pylon  
  70  12:16  Probe (Chrono Boost)  
  70  12:18  Pylon  
  72  12:23  Probe (Chrono Boost)  
  72  12:26  Shield Battery, Probe (Chrono Boost), Photon Cannon  
  72  12:28  Pylon  
  72  12:29  Probe (Chrono Boost)  
  74  12:32  Probe (Chrono Boost)  
  74  12:33  Assimilator  
  74  12:35  Assimilator, Probe  
  74  12:36  Shield Battery  
  75  12:39  Photon Cannon  
  75  12:41  Photon Cannon  
  75  12:43  Probe, Photon Cannon  
  77  12:46  Shield Battery, Photon Cannon  
  77  12:48  Shield Battery, Probe (Chrono Boost)  
  77  12:49  Pylon  
  78  12:55  Assimilator  
  78  12:57  Assimilator  
  79  12:59  Probe (Chrono Boost)  
  79  13:00  Probe (Chrono Boost)  
  80  13:07  Probe (Chrono Boost)  
  80  13:08  Carrier  
  80  13:09  Probe (Chrono Boost)  
  88  13:14  Probe  
  88  13:19  Probe  
  90  13:26  Probe  
  91  13:31  Probe  
  61  14:11  Carrier x3  
  61  14:12  Carrier  
  85  14:20  Probe (Chrono Boost)  
  86  14:28  Probe (Chrono Boost)  
  87  14:34  Probe  
  88  14:50  Pylon  
  88  14:52  Pylon  
  88  14:57  Pylon x2  
  88  15:15  Phoenix, Carrier x2  
  88  15:16  Shield Battery, Phoenix  
  88  15:17  Shield Battery  
  88  15:19  Shield Battery  
  104  15:21  Photon Cannon  
  104  15:22  Photon Cannon  
  104  15:24  Photon Cannon  
  104  15:28  Photon Cannon  
  104  15:30  Photon Cannon  
  104  15:32  Shield Battery, Photon Cannon  
  104  15:35  Shield Battery  
  104  15:38  Pylon  
  104  15:40  Phoenix  
  104  15:42  Photon Cannon  
  106  15:43  Protoss Shields Level 2 (Chrono Boost)  
  106  15:49  Flux Vanes, Dark Shrine  
  106  15:53  Protoss Air Armor Level 1 (Chrono Boost)  
  110  16:09  Void Ray  
  110  16:30  Nexus  
  110  16:32  Pylon  
  110  16:35  Assimilator  
  110  16:38  Assimilator  
  110  16:46  Phoenix  
  112  16:54  Pylon x2  
  112  16:56  Pylon  
  112  16:57  Pylon  
  112  17:09  Dark Templar (Chrono Boost)  
  114  17:26  Carrier  
  120  17:41  Shield Battery, Dark Templar  
  120  17:42  Shield Battery  
  122  17:44  Shield Battery  
  122  17:46  Photon Cannon  
  122  17:49  Photon Cannon  
  122  17:55  Photon Cannon  
  122  17:57  Protoss Air Weapons Level 2  
  122  18:00  Photon Cannon  
  122  18:05  Shield Battery  
  122  18:20  Dark Templar  
  86  18:36  Phoenix x5  
  90  18:49  Photon Cannon  
  90  18:50  Shield Battery  
  90  18:52  Shield Battery  
  90  18:59  Dark Templar  
  90  19:01  Phoenix x5  
  102  19:13  Pylon  
  102  19:26  Carrier x2  
  114  19:38  Dark Templar  
  114  19:43  Phoenix  
  114  19:44  Phoenix x2  
  122  19:49  Shield Battery  
  122  19:51  Photon Cannon  
  122  19:54  Pylon  
  122  20:03  Warp Gate  
  122  20:08  Phoenix  
  122  20:09  Phoenix x2  
  128  20:20  Dark Templar  
  130  20:25  Nexus  
  130  20:27  Photon Cannon  
  130  20:30  Shield Battery, Phoenix x2  
  130  20:33  Phoenix, Pylon  
  130  20:34  Phoenix  
  138  20:43  Carrier  
  138  20:48  Protoss Shields Level 3 (Chrono Boost)  
  144  21:00  Phoenix  
  146  21:05  Photon Cannon  
  146  21:06  Shield Battery  
  146  21:08  Pylon  
  146  21:11  Shield Battery  
  146  21:16  Photon Cannon  
  146  21:22  Assimilator  
  106  22:04  Phoenix x5  
  94  22:27  Probe (Chrono Boost)  
  94  22:29  Phoenix x5  
  105  22:35  Assimilator, Probe (Chrono Boost)  
  106  22:41  Probe  
  107  22:54  Phoenix  
  84  23:17  Dark Templar  
  86  23:35  Probe (Chrono Boost)  
  87  23:43  Probe (Chrono Boost)  
  87  23:45  Carrier (Chrono Boost)  
  87  23:46  Carrier x3 (Chrono Boost)  
  88  23:50  Probe  
  119  23:56  Carrier (Chrono Boost)  
  119  24:19  Protoss Air Armor Level 2 (Chrono Boost)  
  91  24:42  Phoenix  
  91  24:43  Phoenix, Carrier x2  
  107  24:53  Phoenix, Dark Templar  
  212  25:07  Phoenix  
  111  25:08  Phoenix  
  115  25:18  Phoenix  
  117  25:28  Pylon x2  
  117  25:32  Phoenix  
  117  25:33  Phoenix  
  121  25:43  Phoenix  
  121  25:47  Phoenix x2  
  127  25:57  Phoenix  
  123  25:58  Phoenix  
  111  26:08  Phoenix  
  111  26:12  Phoenix x2  
  115  26:22  Phoenix  
  115  26:23  Phoenix  
  113  26:33  Phoenix  
  113  26:37  Phoenix  
  117  26:42  Protoss Air Weapons Level 3  
  113  26:55  Shield Battery  
  113  26:58  Photon Cannon  
  113  26:59  Shield Battery  
  113  27:01  Photon Cannon  
  113  27:03  Pylon  
  113  27:06  Carrier x3  
  131  27:14  Dark Templar  
  96  28:07  Carrier x2  
  96  28:10  Phoenix, Carrier  
  96  28:11  Carrier  
  122  28:31  Pylon  
  122  28:32  Pylon  
  122  28:33  Dark Templar  
  122  29:06  Carrier  
Tags
 
Add a new tag
Caveats
  • Supply blocks, unpowered buildings, or Contaminate may cause inaccurate times.
  • Supply counts are checked every 10 seconds.